 Dungeon Crawl Stone Soup version 0.30.0-20-g3615ddf2f0 (webtiles) character file.

Game seed: 77996928828807075

277 qw the Chopper (level 6, 0/37 HPs)
             Began as a Gargoyle Fighter on June 1, 2023.
             Killed from afar by Ijyb (22 damage)
             ... with a bolt of dispelling energy
             ... on level 4 of the Dungeon.
             The game lasted 00:01:10 (2172 turns).

qw the Chopper (Gargoyle Fighter)                   Turns: 2172, Time: 00:01:11

Health: 0/37       AC: 11    Str: 22    XL:     6   Next: 25%
Magic:  6/6        EV:  9    Int:  8    God:
Gold:   268        SH:  4    Dex:  9    Spells: 5/5 levels left

rFire   . . .        Y - +0 war axe
rCold   . . .        c - +0 buckler
rNeg    + . .        b - +0 scale mail
rPois   inf          (no helmet)
rElec   +            (no cloak)
rCorr   .            (no gloves)
SInv    .            (no boots)
Will    .....        (no amulet) Stlth
                     g - +4 ring of slaying {mikee}
HPRegen 0.26/turn    (no ring)
MPRegen 0.10/turn

%: no passive effects
@: no status effects
A: sickness immunity, AC +4, negative energy resistance 1, electricity
resistance, torment resistance 1, petrification resistance
a: no special abilities


You were on level 4 of the Dungeon.
You visited 1 branch of the dungeon, and saw 4 of its levels.

You collected 268 gold pieces.


Innate Abilities, Weirdness & Mutations

You are immune to sickness and miasma.
Your stone body is resilient. (AC +4)
You are immune to poison.
You resist negative energy. (rN+)
You are resistant to electric shocks. (rElec)
You are resistant to unholy torment.
You are immune to petrification.


   Skills:
 + Level 3.5 Fighting
 - Level 5.7 Axes
 - Level 3.2 Armour
 - Level 3.2 Shields


You had 5 spell levels left.
You didn't know any spells.
Your spell library was empty.

Inventory:

Hand Weapons
 m - a +0 whip
 Y - a +0 war axe (weapon)
Armour
 b - a +0 scale mail (worn)
 c - a +0 buckler (worn)
Jewellery
 g - a +4 ring of slaying (left hand) {mikee}
Scrolls
 j - a scroll of identify
Potions
 a - a potion of haste
 d - a potion of might
 e - a potion of attraction
 i - 2 potions of degeneration {unknown}
 l - a potion of brilliance {unknown}
 n - a potion of resistance {unknown}
 p - a potion of flight {unknown}

Dungeon Overview and Level Annotations

Branches:
Dungeon (4/15)
 Temple: D:4-7

Altars:
Vehumet

Annotations:
D:4 Ijyb


Message History

You slash the goblin!
You kill the goblin!
The goblin shoots a sling bullet.
The sling bullet hits you.
You slash the goblin!
You kill the goblin!
You slash the goblin!
You kill the goblin!
You slash the goblin!
You kill the goblin!
Ijyb screams, "Me stronger than you!"
You slice the goblin!!
You kill the goblin!
Ijyb barely misses you.
Items here: )))) /.
You hit Ijyb.
Ijyb is moderately wounded.
Ijyb closely misses you. Ijyb hits you but does no damage.
You hit Ijyb.
Ijyb is heavily wounded.
You block Ijyb's attack.
You hit Ijyb but do no damage.
Ijyb is heavily wounded.
Ijyb zaps a wand.
The bolt of dispelling energy misses you.
You closely miss Ijyb.
Ijyb is heavily wounded.
Ijyb barely misses you.
You hit Ijyb.
Ijyb is severely wounded.
Ijyb zaps a wand.
The bolt of dispelling energy hits you. Ijyb barely misses you.
You hit Ijyb but do no damage.
Ijyb is severely wounded.
Ijyb zaps a wand.
The bolt of dispelling energy hits you!
You closely miss Ijyb.
Ijyb is severely wounded.
Ijyb zaps a wand.
The bolt of dispelling energy hits you!!
Ouch! That really hurt!
You die...

#..#####...#.#.#
#..#.......#.#.#
#.###...#.#.#
.#.####.####..# #
............<.#.#
.......#........#
.#...............
#....#8..)..8#.#.
#....#..@)...#.#
#....#8.g...8#
#....#.......#
#... #8.....8#
#.......#
#8.....8#
#../....#
#########


You could see Ijyb.

Vanquished Creatures
  Sigmund (D:3)
  Jessica (D:2)
  3 adders (D:3)
  2 worms
  5 bats
  4 endoplasms
  A giant cockroach (D:3)
  13 goblins
  4 hobgoblins
  9 kobolds
  3 quokkas
  2 ball pythons
  5 frilled lizards
  4 rats
57 creatures vanquished.

Notes
Turn   | Place    | Note
-------+----------+-------------------------------------------
     0 | D:1      | qw the Gargoyle Fighter began the quest for the Orb.
     0 | D:1      | Reached XP level 1. HP: 14/14 MP: 1/1
     0 | D:1      | 0 ||| qw: Version: 0.2-a-102-gdf20003
     0 | D:1      | 0 ||| qw: Game counter: 767
     0 | D:1      | 0 ||| qw: Always use a shield: true
     0 | D:1      | 0 ||| qw: God list: Okawaru
     0 | D:1      | 0 ||| qw: Allow faded altars: false
     0 | D:1      | 0 ||| qw: Do Orc after D:15 true
     0 | D:1      | 0 ||| qw: Do second Lair branch before Depths: true
     0 | D:1      | 0 ||| qw: Lair rune preference: random
     0 | D:1      | 0 ||| qw: Plans: Normal, Zot:1-4, Slime:5, God:TSO, Crypt,
                  | Tomb, Pan, Hells, Abyss, Win
     0 | D:1      | 0 ||| PLANNING D:1-11
    46 | D:1      | Reached skill level 2 in Axes
   103 | D:1      | Reached XP level 2. HP: 18/19 MP: 2/2
   325 | D:1      | 325 ||| DROPPING +0 club.
   530 | D:1      | 530 ||| UPGRADING to +4 ring of slaying {mikee}.
   531 | D:1      | 531 ||| READING 3 scrolls labelled GUIHEO TYNG.
   532 | D:1      | 532 ||| READING scroll labelled NAC VITIGEQ.
   533 | D:1      | 533 ||| READING 2 scrolls labelled OSATEL WABA.
   534 | D:1      | 534 ||| READING scroll labelled WASHEXT WIUPY.
   535 | D:1      | 535 ||| DROPPING 2 scrolls of fear.
   602 | D:2      | Reached skill level 3 in Axes
   614 | D:2      | Reached XP level 3. HP: 17/23 MP: 3/3
   718 | D:2      | 718 ||| Stepping ~*~*~tactically~*~*~ (stealth).
   719 | D:2      | 719 ||| Stepping ~*~*~tactically~*~*~ (stealth).
   774 | D:2      | Noticed Jessica
   777 | D:2      | Killed Jessica
   778 | D:2      | Reached XP level 4. HP: 28/28 MP: 4/4
   884 | D:2      | 884 ||| Stepping ~*~*~tactically~*~*~ (hiding).
   938 | D:2      | 938 ||| Stepping ~*~*~tactically~*~*~ (stealth).
   939 | D:2      | 939 ||| Stepping ~*~*~tactically~*~*~ (stealth).
   940 | D:2      | 940 ||| Stepping ~*~*~tactically~*~*~ (stealth).
   942 | D:2      | 942 ||| Stepping ~*~*~tactically~*~*~ (hiding).
   944 | D:2      | 944 ||| Stepping ~*~*~tactically~*~*~ (hiding).
   945 | D:2      | 945 ||| Stepping ~*~*~tactically~*~*~ (hiding).
  1087 | D:2      | 1087 ||| Stepping ~*~*~tactically~*~*~ (stealth).
  1089 | D:2      | 1089 ||| Stepping ~*~*~tactically~*~*~ (stealth).
  1098 | D:2      | Reached skill level 4 in Axes
  1107 | D:2      | 1107 ||| Stepping ~*~*~tactically~*~*~ (stealth).
  1108 | D:2      | 1108 ||| Stepping ~*~*~tactically~*~*~ (stealth).
  1109 | D:2      | 1109 ||| Stepping ~*~*~tactically~*~*~ (stealth).
  1110 | D:2      | 1110 ||| Stepping ~*~*~tactically~*~*~ (stealth).
  1111 | D:2      | 1111 ||| Stepping ~*~*~tactically~*~*~ (stealth).
  1247 | D:2      | Found a faded altar of an unknown god.
  1260 | D:2      | 1260 ||| READING scroll labelled BAWNUSTR RUUQYA.
  1263 | D:2      | 1263 ||| READING scroll labelled ZEOPTYOJAT.
  1264 | D:2      | 1264 ||| READING scroll labelled IDIKHL LAWKEO.
  1265 | D:2      | 1265 ||| DRINKING 2 bubbling red potions.
  1272 | D:2      | 1272 ||| READING 4 scrolls of identify.
  1272 | D:2      | 1272 ||| IDENTIFYING smoky red potion
  1273 | D:2      | 1273 ||| READING 3 scrolls of identify.
  1273 | D:2      | 1273 ||| IDENTIFYING black potion
  1274 | D:2      | 1274 ||| READING 2 scrolls of identify.
  1274 | D:2      | 1274 ||| IDENTIFYING fizzy grey potion
  1275 | D:2      | 1275 ||| DROPPING potion of berserk rage.
  1276 | D:2      | 1276 ||| DROPPING potion of ambrosia.
  1309 | D:3      | Found a radiant altar of Vehumet.
  1406 | D:3      | 1406 ||| Stepping ~*~*~tactically~*~*~ (stealth).
  1412 | D:3      | 1412 ||| Stepping ~*~*~tactically~*~*~ (stealth).
  1480 | D:3      | Noticed Sigmund
  1493 | D:3      | 1493 ||| FLEEEEING.
  1493 | D:3      | HP: 7/28 [something (2)]
  1494 | D:3      | 1494 ||| FLEEEEING.
  1495 | D:3      | 1495 ||| FLEEEEING.
  1496 | D:3      | 1496 ||| FLEEEEING.
  1497 | D:3      | 1497 ||| FLEEEEING.
  1498 | D:3      | 1498 ||| FLEEEEING.
  1499 | D:3      | 1499 ||| FLEEEEING.
  1500 | D:3      | 1500 ||| FLEEEEING.
  1501 | D:3      | 1501 ||| FLEEEEING.
  1502 | D:3      | 1502 ||| FLEEEEING.
  1503 | D:3      | 1503 ||| FLEEEEING.
  1506 | D:3      | 1506 ||| FLEEEEING.
  1507 | D:3      | 1507 ||| FLEEEEING.
  1508 | D:3      | 1508 ||| FLEEEEING.
  1509 | D:3      | 1509 ||| FLEEEEING.
  1511 | D:3      | 1511 ||| FLEEEEING.
  1514 | D:3      | 1514 ||| FLEEEEING.
  1515 | D:3      | 1515 ||| STAIRDANCE
  1584 | D:2      | 1584 ||| READING scroll labelled KAASOQ FAS JEQAI.
  1605 | D:3      | Killed Sigmund
  1606 | D:3      | Reached skill level 5 in Axes
  1606 | D:3      | Reached XP level 5. HP: 24/32 MP: 5/5
  1606 | D:3      | Reached XP level 6. HP: 28/37 MP: 6/6
  2106 | D:3      | 2106 ||| READING scroll labelled XIAGEDIALEN.
  2160 | D:4      | Noticed Ijyb
  2172 | D:4      | Killed from afar by Ijyb

Levels and vault maps discovered:
D:1:      minmay_arrival_stair_chambers, layout_rooms,
          amcnicky_mini_rare_corridor_liquid
D:2:      layout_rooms, ebering_ecumenical_altar_mist, uniq_jessica
D:3:      layout_loops_ring, mainiacjoe_overflow_tiny_flanked, uniq_sigmund
D:4:      kennysheep_the_goblin_king, layout_basic

Skill      XL: |  1  2  3  4 |
---------------+-------------+-----
Axes           | 2 3 5 |  5.7
Fighting       | |  3.5
Armour         | |  3.2
Shields        | |  3.2

Action                     |  1- 3 |  4- 6 || total
---------------------------+-------+-------++-------
  Melee: War axe           |    61 |    73 ||   134
    Use: Scroll            |     4 |     8 ||    12
         Potion            |       |     1 ||     1
 Armour: Scale mail        |    23 |    26 ||    49
  Dodge: Dodged            |    24 |    21 ||    45
  Block: Buckler           |     8 |    12 ||    20

Table legend:
 A = Non-vault XP
 B = Vault XP
 C = Vault XP percentage of total XP
 D = Non-vault monster count
 E = Vault monster count
 F = Vault count percentage of total count
                 A         B        C        D         E       F
            +---------+---------+-------+---------+---------+-------
      Total |     123 |     273 |  68.9 |      49 |       8 |  14.0
            +---------+---------+-------+---------+---------+-------
        D:1 |      26 |       0 |   0.0 |      17 |       0 |   0.0
        D:2 |      37 |      37 |  50.0 |      20 |       1 |   4.8
        D:3 |      60 |     226 |  79.0 |      12 |       1 |   7.7
        D:4 |       0 |      10 | 100.0 |       0 |       6 | 100.0
            +---------+---------+-------+---------+---------+-------
